 Dungeon Crawl Stone Soup version 0.23-a0-54-gae6112e33f (webtiles) character file.

8 Gerstahl the Slasher (level 2, 23/23 HPs)
             Began as a Demonspawn Gladiator on Aug 8, 2018.
             Quit the game on level 1 of the Dungeon.
             The game lasted 00:00:15 (276 turns).

Gerstahl the Slasher (Demonspawn Gladiator)          Turns: 276, Time: 00:00:16

Health: 23/23      AC:  3    Str: 14    XL:     2   Next: 0%
Magic:  2/2        EV: 12    Int:  9    God:
Gold:   5          SH:  0    Dex: 14    Spells: 1/1 levels left

rFire    . . .     SeeInvis .   a - +0 long sword
rCold    . . .     Gourm    .   (no shield)
rNeg     . . .     Faith    .   b - +0 leather armour
rPois    .         Spirit   .   (helmet restricted)
rElec    .         Reflect  .   (no cloak)
rCorr    .         Harm     .   (no gloves)
MR       .....                  (no boots)
Stlth    +.........             (no amulet)
HPRegen  0.07/turn              (no ring)
MPRegen  0.08/turn              (no ring)

@: no status effects
A: antennae 1
a: no special abilities


You were on level 1 of the Dungeon.
You were not hungry.

You visited 1 branch of the dungeon, and saw 1 of its levels.

You collected 5 gold pieces.

Inventory:

Hand Weapons
 a - a +0 long sword (weapon)
Missiles
 d - 3 throwing nets (quivered)
Armour
 b - a +0 leather armour (worn)
 c - a +0 helmet
Scrolls
 h - 3 scrolls of random uselessness {unknown}
 i - a scroll of identify {unknown}
Potions
 e - a potion of curing {unknown}
 g - a potion of magic {unknown}
Comestibles
 f - a ration


   Skills:
 + Level 2.4 Fighting
 + Level 3.0 Long Blades
 - Level 1.7 Throwing
 - Level 2.6 Dodging


You had one spell level left.
You didn't know any spells.
Your spell library was empty.

Dungeon Overview and Level Annotations

Branches:
Dungeon (1/15)

Altars:


Innate Abilities, Weirdness & Mutations

You have a pair of small antennae on your head.


Message History

You hit the rat.
You kill the rat!
Your Long Blades skill increases to level 3!
A frilled lizard comes into view.
A frilled lizard is nearby!
The frilled lizard barely misses you.
You miss the frilled lizard.
The frilled lizard bites you but does no damage.
You closely miss the frilled lizard. The frilled lizard barely misses you.
You completely miss the frilled lizard. The frilled lizard bites you.
The frilled lizard bites you but does no damage.
You miss the frilled lizard. The frilled lizard barely misses you.
You riposte.
You closely miss the frilled lizard. You slash the frilled lizard!
You kill the frilled lizard!
You have reached level 2!
Your demonic ancestry asserts itself...
A pair of antennae grows on your head!
Your +0 helmet falls away!
Are you sure you want to abandon this character and quit the game? (Confirm with "yes".)

..... ..#####..
......... .##
###.. # ..# ..
#.. # .###..##
... #..
#.##.#....
...####..
#......#
......#.. #@.#
......... #..#
####.... #..#
#...# ##.# #...#
#.# #...# #.#
#...# #.# #.†.#
#.# ######...#
#.######.........


There were no monsters in sight!

Vanquished Creatures
  A ball python (D:1)
  A goblin (D:1)
  A hobgoblin (D:1)
  A bat (D:1)
  3 frilled lizards (D:1)
  2 rats (D:1)
9 creatures vanquished.

Notes
Turn   | Place    | Note
-------+----------+-------------------------------------------
     0 | D:1      | Gerstahl the Demonspawn Gladiator began the quest for the Orb.
     0 | D:1      | Reached XP level 1. HP: 16/16 MP: 1/1
   261 | D:1      | Reached skill level 3 in Long Blades
   275 | D:1      | Gained mutation: You have a pair of small antennae on your head. [demonic ancestry]
   275 | D:1      | Reached XP level 2. HP: 22/23 MP: 2/2
   276 | D:1      | Quit the game

Vault maps used:
D:1:      minmay_arrival_nine_rooms, minmay_tripent

Skill      XL: |  1 |
---------------+----+-----
Long Blades    | 3 |  3.0
Fighting       | |  2.4
Throwing       | |  1.7
Dodging        | |  2.6

Action                   || total
-------------------------++-------
Melee: Long sword        ||    21
Armor: Leather armour    ||    10
Dodge: Dodged            ||    15
       Rpst.: Long sword ||     6

Table legend:
 A = Spawn XP
 B = Non-spawn XP
 C = Spawn XP percentage of total XP
 D = Spawn monster count
 E = Non-spawn monster count
 F = Spawn count percentage of total count
 G = Total turns spent on level
                    A         B        C        D         E        F      G
               +---------+---------+-------+---------+---------+-------+---------
         Total |       0 |      12 |   0.0 |       0 |       9 |   0.0 |   276
               +---------+---------+-------+---------+---------+-------+---------
           D:1 |       0 |      12 |   0.0 |       0 |       9 |   0.0 |   276
               +---------+---------+-------+---------+---------+-------+---------
